General information
- name: BNet
- type: Ladder team game (AT/RT)
- host: Battle.net
- saver:
map: DragonFalls
- players: 8
- length: 18:43
- speed: Fast
- version: 1.26 W3XP
- replay type: Public
» download(128 KB)
Players
team 1 (winner)
ScruffyBuck (
purple | 44 APM | 821 actions | 18:43)
6 Priestess of the Moon
3 Trueshot Aura
2 Searing Arrows
1 Starfall
5 Keeper of the Grove
1 Force of Nature
2 Entangling Roots
2 Thorns Aura
» actions
| Build / train | 54 | |
| Enter build submenu | 20 | |
| Enter hero's abilities submenu | 11 | |
| Give item / drop item | 2 | |
| Right click | 437 | |
| Select / deselect | 259 | |
| Use ability | 38 | |
821 total
» units
| Wisp | 18 | |
| Druid of the Talon | 3 | |
| Chimaera | 4 | |
| Hippogryph | 4 | |
29 total
» upgrades
| Druid of the Talon Training | 2 | |
| Strength of the Wild | 2 | |
| Reinforced Hides | 2 | |
| Mark of the Talon | 1 | |
| Corrosive Breath | 1 | |
8 total
» buildings
| Altar of Elders | 1 | |
| Moon Well | 8 | |
| Tree of Ages | 1 | |
| Ancient of Wind | 2 | |
| Hunter's Hall | 1 | |
| Tree of Eternity | 1 | |
| Tree of Life | 1 | |
| Chimaera Roost | 3 | |
| Ancient of Wonders | 1 | |
19 total
» build order
00:14 Altar of Elders
00:26 Moon Well
01:29 Moon Well
02:23 Tree of Ages
02:26 Moon Well
03:22 Moon Well
04:48 Ancient of Wind
04:50 Ancient of Wind
04:57 Hunter's Hall
05:55 Tree of Eternity
07:23 Tree of Life
08:37 Chimaera Roost
08:38 Chimaera Roost
08:39 Chimaera Roost
10:22 Moon Well
12:18 Ancient of Wonders
12:49 Moon Well
13:45 Moon Well
14:42 Moon Well
» items
| Rod of Necromancy | 1 | |
| Scroll of Town Portal | 1 | |
2 total

»
Princess.Pink (
green | 30 APM | 558 actions | 18:43)
6 Far Seer
3 Feral Spirit
2 Chain Lighting
1 Earth Quake
» actions
| Build / train | 51 | |
| Enter build submenu | 26 | |
| Enter hero's abilities submenu | 6 | |
| Give item / drop item | 2 | |
| Right click | 227 | |
| Select / deselect | 206 | |
| Use ability | 40 | |
558 total
» units
| Peon | 12 | |
| Troll Headhunter/Berserker | 8 | |
| Wind Rider | 10 | |
| Goblin Shredder | 1 | |
31 total
» upgrades
| Ranged Weapons | 3 | |
| Armor | 2 | |
| Envenomed Spears | 1 | |
| Berserker Upgrade | 1 | |
| Spiked Barricades | 1 | |
| Reinforced Defenses | 1 | |
9 total
» buildings
| Orc Burrow | 11 | |
| War Mill | 1 | |
| Barracks | 1 | |
| Altar of Storms | 1 | |
| Stronghold | 1 | |
| Great Hall | 1 | |
| Fortress | 1 | |
| Beastiary | 2 | |
| Voodoo Lounge | 1 | |
| Watch Tower | 7 | |
27 total
» build order
00:23 Orc Burrow
00:39 War Mill
00:53 Barracks
01:08 Orc Burrow
01:42 Altar of Storms
02:24 Orc Burrow
03:40 Stronghold
05:20 Great Hall
05:49 Orc Burrow
07:10 Fortress
07:15 Beastiary
07:19 Beastiary
09:07 Orc Burrow
09:39 Orc Burrow
10:11 Voodoo Lounge
11:34 Orc Burrow
12:46 Watch Tower
12:52 Watch Tower
12:58 Orc Burrow
13:16 Watch Tower
13:22 Watch Tower
14:02 Orc Burrow
15:13 Watch Tower
16:18 Watch Tower
16:24 Watch Tower
16:30 Orc Burrow
16:34 Orc Burrow
» items

»
STOPKOTICK2012 (
teal | 51 APM | 946 actions | 18:43)
4 Goblin Tinker
3 Pocket Factory
1 Engineering Upgrade
» actions
| Assign group hotkey | 40 | |
| Basic commands | 16 | |
| Build / train | 59 | |
| ESC pressed | 1 | |
| Enter build submenu | 21 | |
| Enter hero's abilities submenu | 4 | |
| Right click | 338 | |
| Select / deselect | 255 | |
| Select group hotkey | 142 | |
| Use ability | 70 | |
946 total
» units
| Peasant | 11 | |
| Footman | 4 | |
| Goblin Zeppelin | 5 | |
| Mortar Team | 10 | |
| Green Dragon | 1 | |
31 total
» upgrades
| Masonry | 2 | |
| Gunpowder | 2 | |
| Plating | 1 | |
| Lumber Harvesting | 1 | |
| Flare | 1 | |
| Armor | 2 | |
| Magic Sentry | 1 | |
10 total
» buildings
| Altar of Kings | 1 | |
| Farm | 8 | |
| Barracks | 1 | |
| Scout Tower | 1 | |
| Lumber Mill | 1 | |
| Arcane Tower | 1 | |
| Arcane Vault | 1 | |
| Blacksmith | 1 | |
| Keep | 1 | |
| Workshop | 4 | |
| Arcane Sanctum | 1 | |
| Castle | 1 | |
22 total
» build order
00:25 Altar of Kings
00:44 Farm
01:07 Barracks
01:13 Farm
01:39 Scout Tower
02:12 Lumber Mill
02:14 Arcane Tower
02:22 Farm
02:28 Arcane Vault
02:54 Farm
03:00 Farm
03:29 Blacksmith
04:24 Keep
04:29 Farm
04:32 Farm
06:52 Workshop
06:55 Workshop
06:58 Workshop
07:01 Workshop
09:21 Farm
12:38 Arcane Sanctum
15:41 Castle
» items
| Lesser Clarity Potion | 3 | |
| Mechanical Critter | 1 | |
| Scroll of Town Portal | 1 | |
| Scroll of Regeneration | 1 | |
| Ivory Tower | 2 | |
8 total
Loveyounotxnot (
blue | 55 APM | 1037 actions | 18:43)
5 Death Knight
3 Death Coil
1 Unholy Aura
1 Death Pact
» actions
| Build / train | 51 | |
| Enter build submenu | 18 | |
| Enter hero's abilities submenu | 5 | |
| Give item / drop item | 3 | |
| Remove unit from queue | 1 | |
| Right click | 711 | |
| Select / deselect | 217 | |
| Use ability | 31 | |
1037 total
» units
| Acolyte | 11 | |
| Ghoul | 4 | |
| Crypt Fiend | 12 | |
| Frost Wyrm | 3 | |
30 total
» upgrades
| Creature Attack | 2 | |
| Web | 1 | |
| Creature Carapace | 2 | |
| Freezing Breath | 1 | |
6 total
» buildings
| Altar of Darkness | 1 | |
| Ziggurat | 7 | |
| Crypt | 1 | |
| Graveyard | 1 | |
| Tomb of Relics | 1 | |
| Halls of the Dead | 1 | |
| Nerubian Tower | 2 | |
| Sacrificial Pit | 1 | |
| Black Citadel | 1 | |
| Spirit Tower | 2 | |
| Necropolis | 1 | |
| Boneyard | 2 | |
21 total
» build order
00:16 Altar of Darkness
00:18 Ziggurat
00:29 Crypt
00:56 Graveyard
02:08 Tomb of Relics
02:14 Ziggurat
03:18 Halls of the Dead
04:08 Nerubian Tower
04:31 Ziggurat
05:51 Ziggurat
07:10 Sacrificial Pit
07:36 Black Citadel
08:01 Spirit Tower
09:43 Necropolis
10:02 Boneyard
10:14 Boneyard
11:25 Nerubian Tower
11:41 Ziggurat
11:42 Ziggurat
13:41 Spirit Tower
15:25 Ziggurat
» items
| Potion of Healing | 1 | |
| Scroll of Town Portal | 1 | |
2 total
team 2 (loser)
starsunited (
orange | 55 APM | 960 actions | 17:30)
4 Demon Hunter
2 Immolation
2 Evasion
» actions
| Assign group hotkey | 10 | |
| Basic commands | 1 | |
| Build / train | 50 | |
| Enter build submenu | 18 | |
| Enter hero's abilities submenu | 4 | |
| Remove unit from queue | 2 | |
| Right click | 554 | |
| Select / deselect | 149 | |
| Select group hotkey | 134 | |
| Use ability | 38 | |
960 total
» units
» upgrades
| Corrosive Breath | 1 | |
| Strength of the Wild | 3 | |
| Well Spring | 1 | |
| Ultravision | 1 | |
| Reinforced Hides | 1 | |
7 total
» buildings
| Moon Well | 9 | |
| Altar of Elders | 1 | |
| Hunter's Hall | 1 | |
| Ancient of War | 2 | |
| Tree of Ages | 1 | |
| Tree of Eternity | 1 | |
| Ancient of Wind | 1 | |
| Tree of Life | 1 | |
| Chimaera Roost | 3 | |
20 total
» build order
00:23 Moon Well
00:36 Altar of Elders
01:34 Moon Well
02:16 Hunter's Hall
02:18 Ancient of War
02:29 Moon Well
02:33 Ancient of War
03:33 Moon Well
03:36 Tree of Ages
05:58 Tree of Eternity
06:03 Ancient of Wind
06:47 Tree of Life
08:33 Chimaera Roost
08:34 Chimaera Roost
08:35 Chimaera Roost
11:27 Moon Well
12:24 Moon Well
13:26 Moon Well
14:40 Moon Well
16:36 Moon Well
DirkNowitzki41 (
yellow | 56 APM | 1003 actions | 17:46)
5 Paladin
2 Holy Light
2 Devotion Aura
1 Divine Shield
» actions
| Assign group hotkey | 40 | |
| Basic commands | 4 | |
| Build / train | 49 | |
| Enter build submenu | 20 | |
| Enter hero's abilities submenu | 5 | |
| Give item / drop item | 1 | |
| Remove unit from queue | 3 | |
| Right click | 556 | |
| Select / deselect | 222 | |
| Select group hotkey | 59 | |
| Use ability | 44 | |
1003 total
» units
| Peasant | 11 | |
| Footman | 9 | |
| Furbolg Shaman | 1 | |
| Goblin Shredder | 1 | |
| Dragonhawk Rider | 1 | |
| Gryphon Rider | 7 | |
30 total
» upgrades
| Lumber Harvesting | 1 | |
| Swords | 1 | |
| Armor | 1 | |
| Storm Hammers | 1 | |
4 total
» buildings
| Altar of Kings | 1 | |
| Barracks | 1 | |
| Farm | 11 | |
| Lumber Mill | 1 | |
| Arcane Vault | 1 | |
| Blacksmith | 1 | |
| Town Hall | 1 | |
| Keep | 1 | |
| Gryphon Aviary | 3 | |
| Castle | 1 | |
22 total
» build order
00:08 Altar of Kings
00:18 Barracks
00:23 Farm
01:17 Farm
01:56 Lumber Mill
02:17 Farm
02:36 Arcane Vault
03:31 Blacksmith
04:32 Town Hall
04:45 Farm
05:03 Keep
07:54 Gryphon Aviary
07:59 Gryphon Aviary
08:02 Castle
08:59 Gryphon Aviary
09:27 Farm
10:38 Farm
11:11 Farm
11:45 Farm
11:49 Farm
12:25 Farm
13:22 Farm
» items
| Scroll of Regeneration | 2 | |
| Lesser Clarity Potion | 2 | |
4 total

»
Haidarrraaaaa (
pink | 62 APM | 1154 actions | 18:43)
2 Blood Mage
1 Flame Strike
1 Banish
2 Archmage
1 Blizzard
1 Brilliance Aura
2 Paladin
1 Holy Light
1 Divine Shield
» actions
| Assign group hotkey | 12 | |
| Basic commands | 21 | |
| Build / train | 50 | |
| ESC pressed | 1 | |
| Enter build submenu | 23 | |
| Enter hero's abilities submenu | 7 | |
| Right click | 471 | |
| Select / deselect | 265 | |
| Select group hotkey | 253 | |
| Use ability | 50 | |
1154 total
» units
| Peasant | 9 | |
| Goblin Shredder | 1 | |
| Gryphon Rider | 3 | |
| Dragonhawk Rider | 1 | |
14 total
» upgrades
| Swords | 3 | |
| Masonry | 2 | |
| Storm Hammers | 1 | |
| Animal War Training | 1 | |
| Armor | 3 | |
10 total
» buildings
| Altar of Kings | 1 | |
| Barracks | 1 | |
| Lumber Mill | 2 | |
| Farm | 8 | |
| Keep | 1 | |
| Blacksmith | 1 | |
| Arcane Vault | 1 | |
| Scout Tower | 5 | |
| Guard Tower | 4 | |
| Gryphon Aviary | 2 | |
| Castle | 1 | |
27 total
» build order
00:29 Altar of Kings
01:30 Barracks
01:53 Lumber Mill
02:03 Farm
02:07 Farm
02:10 Farm
03:27 Keep
03:30 Blacksmith
03:35 Arcane Vault
04:18 Farm
04:19 Farm
04:22 Farm
04:27 Scout Tower
05:33 Guard Tower
05:46 Scout Tower
05:52 Gryphon Aviary
05:57 Gryphon Aviary
06:19 Guard Tower
06:22 Scout Tower
06:54 Castle
07:31 Guard Tower
08:50 Scout Tower
08:53 Scout Tower
09:21 Lumber Mill
09:50 Guard Tower
10:39 Farm
10:42 Farm
» items
| Scroll of Regeneration | 1 | |
| Lesser Clarity Potion | 1 | |
| Potion of Healing | 5 | |
| Orb of Fire | 1 | |
| Staff of Sanctuary | 2 | |
10 total

»
uk.cats.11 (
red | 34 APM | 599 actions | 17:22)
4 Demon Hunter
2 Mana Burn
2 Evasion
» actions
| Assign group hotkey | 8 | |
| Basic commands | 7 | |
| Build / train | 48 | |
| Enter build submenu | 22 | |
| Enter hero's abilities submenu | 4 | |
| Remove unit from queue | 4 | |
| Right click | 258 | |
| Select / deselect | 185 | |
| Select group hotkey | 33 | |
| Use ability | 30 | |
599 total
» units
| Wisp | 22 | |
| Huntress | 8 | |
| Archer | 2 | |
| Hippogryph | 3 | |
35 total
» upgrades
| Strength of the Moon | 1 | |
| Moon Armor | 1 | |
| Hippogryph Taming | 1 | |
3 total
» buildings
| Moon Well | 6 | |
| Hunter's Hall | 1 | |
| Altar of Elders | 1 | |
| Ancient of War | 2 | |
| Ancient Protector | 5 | |
| Tree of Ages | 1 | |
| Tree of Life | 2 | |
| Ancient of Wind | 2 | |
20 total
» build order
00:21 Moon Well
00:35 Hunter's Hall
01:07 Altar of Elders
01:34 Ancient of War
02:14 Ancient of War
02:23 Moon Well
02:39 Ancient Protector
04:32 Moon Well
04:44 Ancient Protector
05:39 Moon Well
06:15 Ancient Protector
06:43 Ancient Protector
06:45 Ancient Protector
07:46 Tree of Ages
09:02 Tree of Life
10:10 Ancient of Wind
10:23 Ancient of Wind
12:28 Moon Well
12:33 Moon Well
13:49 Tree of Life
Chat log
(00:06 / All) STOPKOTICK2012: STOP
(00:07 / All) STOPKOTICK2012: KOTICK
(00:08 / All) STOPKOTICK2012: 2012
(00:32 / Allies) Loveyounotxnot: lol
(00:45 / Allies) Loveyounotxnot: who tf is kotick
(00:53 / Allies) STOPKOTICK2012: the ceo of activision blizzard?
(00:59 / All) STOPKOTICK2012: lol blue says "who the fuck is kotick"
(01:03 / All) Haidarrraaaaa: lolol
(01:16 / Allies) Loveyounotxnot: oh yeah
(01:18 / Allies) Loveyounotxnot: not.
(01:19 / All) Haidarrraaaaa: HE ENSLAVES ARMIES OF KOREAN KIDS
(01:22 / Allies) Loveyounotxnot: still dk who that is.
(01:24 / All) STOPKOTICK2012: tyipcal wc3 players dont know the most evil person in the world
(01:52 / Allies) STOPKOTICK2012: what
(01:53 / Allies) ScruffyBuck: blue
(01:59 / Allies) ScruffyBuck: i think theyre towering
(02:02 / Allies) STOPKOTICK2012: no
(02:04 / Allies) STOPKOTICK2012: he is scouting
(02:09 / Allies) ScruffyBuck: nop nvm
(02:11 / Allies) ScruffyBuck: lol
(02:13 / Allies) ScruffyBuck: just a scout
(03:03 / All) Haidarrraaaaa: lol
(03:10 / All) STOPKOTICK2012: PIES HOW DARE YOU SCOUT IN A GAME BASED ON TACTICS AND SURVEILANCE
(03:50 / Allies) ScruffyBuck: yo blue u want this cloak of shadows>
(03:59 / Allies) Loveyounotxnot: sure thanks
(04:15 / Allies) STOPKOTICK2012: o.O
(04:18 / Allies) STOPKOTICK2012: I normally vendor that shit
(04:33 / Allies) Loveyounotxnot: :)
(04:43 / Allies) STOPKOTICK2012: coming green
(05:16 / Allies) Loveyounotxnot: purple b
(06:34 / Allies) ScruffyBuck: mien
(09:46 / Allies) Princess.Pink: spare wood?
(09:54 / Allies) ScruffyBuck: srry cnt
(10:51 / Allies) Princess.Pink: fuck
(10:57 / Allies) STOPKOTICK2012: what
(11:07 / Allies) Princess.Pink: my shredder
(11:37 / Allies) STOPKOTICK2012: hitting red now
(11:48 / Allies) Princess.Pink: meety
(12:24 / Allies) STOPKOTICK2012: keep them distracted while I hit red
(13:08 / Allies) Princess.Pink: omw teal
(13:19 / Allies) ScruffyBuck: lolol
(14:23 / Allies) Princess.Pink: nice
(14:43 / Allies) STOPKOTICK2012: good job
(14:45 / Allies) STOPKOTICK2012: taking out OJ next
(15:37 / Allies) STOPKOTICK2012: lol red is stuck in OJs base
(15:38 / Allies) STOPKOTICK2012: hahaha
(15:44 / Allies) Loveyounotxnot: LOL
(15:45 / Allies) ScruffyBuck: hhahah
(16:00 / 8) STOPKOTICK2012: lol at red
(16:03 / 8) STOPKOTICK2012: stuck in oj's base
(16:10 / All) Haidarrraaaaa: yeah
(16:34 / Allies) ScruffyBuck: be tp ready
(16:52 / Allies) STOPKOTICK2012: once you engage them ill attack oj
(17:35 / All) Haidarrraaaaa: Yep
(17:37 / All) Haidarrraaaaa: That's game
(17:47 / All) Haidarrraaaaa: re?
(18:02 / All) ScruffyBuck: gg
(18:06 / All) STOPKOTICK2012: gg pies
(18:15 / All) Haidarrraaaaa: next?
(18:18 / All) STOPKOTICK2012: lol lv5 tinker
(18:22 / All) STOPKOTICK2012: didnt even take out my dragon
(18:26 / All) STOPKOTICK2012: so glad I waited to get that dragon
(18:27 / All) STOPKOTICK2012: heh
(18:32 / Allies) ScruffyBuck: hahah
(18:40 / All) STOPKOTICK2012: yeah pies, resmurfing now